 Dungeon Crawl Stone Soup version 0.28.0-47-ge53b351184 (webtiles) character file.

Game seed: 4215702930388723045

58 bnorton916 the Magician (level 3, 0/19 HPs)
             Began as a Deep Elf Venom Mage on May 10, 2022.
             Slain by an adder (4 damage)
             ... on level 3 of the Dungeon.
             The game lasted 00:04:03 (2930 turns).

bnorton916 the Magician (Deep Elf Venom Mage)       Turns: 2930, Time: 00:04:03

Health: 0/19       AC:  2    Str:  5    XL:     3   Next: 76%
Magic:  1/10       EV: 12    Int: 21    God:
Gold:   52         SH:  5    Dex: 15    Spells: 4/10 levels left

rFire   . . .      SeeInvis .   g - +0 dagger (venom)
rCold   . . .      Faith    .   (no shield)
rNeg    . . .      Spirit   .   a - +0 robe
rPois   .          Reflect  +   (no helmet)
rElec   .          Harm     .   (no cloak)
rCorr   .          Rampage  .   (no gloves)
Will    .....                   (no boots)
Stlth   ++........              h - amulet of reflection
HPRegen 0.06/turn               (no ring)
MPRegen 0.12/turn               (no ring)

@: lethally poisoned (0 -> -2)
A: no striking features
a: no special abilities


You were on level 3 of the Dungeon.
You visited 1 branch of the dungeon, and saw 3 of its levels.

You collected 52 gold pieces.

Inventory:

Hand Weapons
 g - a +0 dagger of venom (weapon)
Missiles
 d - a throwing net
Armour
 a - a +0 robe (worn)
Jewellery
 b - an amulet of magic regeneration
 h - an amulet of reflection (around neck)
Scrolls
 e - a scroll of identify {unknown}
 f - a scroll of amnesia {unknown}
 i - a scroll of teleportation {unknown}
Potions
 c - a potion of curing {unknown}


   Skills:
 - Level 2.4 Dodging
 - Level 2.4 Stealth
 + Level 4.0 Spellcasting
 + Level 0.1 Conjurations
 - Level 2.4 Transmutations
 + Level 0.0 Air Magic
 + Level 4.0 Poison Magic


You had 4 spell levels left.
You knew the following spells:

 Your Spells              Type           Power      Damage    Failure   Level
a - Sting                 Tmut/Pois      68%        1d6       3%          1
b - Poisonous Vapours     Pois/Air       24%        N/A       8%          2
c - Mephitic Cloud        Conj/Pois/Air  10%        N/A       21%         3

Your spell library contained the following spells:

 Spells                   Type           Power      Damage    Failure   Level
 Freeze                   Ice            16%        1d4       12%         1
 Olgreb's Toxic Radiance  Pois           21%        N/A       22%         4
 Frozen Ramparts          Ice            8%         1d2       34%         3
 Hailstorm                Conj/Ice       4%         3d4       75%         4


Dungeon Overview and Level Annotations

Branches:
Dungeon (3/15)

Altars:


Message History

Press: ? - help, Dir - move target, f/p - adder
Aim: an adder Poisonous vapours surround the adder!
The adder is poisoned.
The bat closely misses you.
Unknown command.
The bat hits you. x2
You block the bat's attack. x2
Your magical contamination has completely faded away.
The bat hits you but does no damage. x2
Casting: Poisonous Vapours (safe; 8% risk of failure)
Confirm with . or Enter, or press ? or * to list all spells.
You don't have enough magic to cast this spell.
Casting: Poisonous Vapours (safe; 8% risk of failure)
Confirm with . or Enter, or press ? or * to list all spells.
Aiming: Poisonous Vapours (safe; 8% risk of failure)
Press: ? - help, Dir - move target, f/p - adder
Aim: an adder (moderately wounded) Poisonous vapours surround the adder!
The adder is poisoned.
The bat hits you.
Unknown command.
You hit the adder but do no damage.
The adder is moderately wounded.
The bat closely misses you. x2; The adder bites you.
Unknown command.
You hit the bat.
The bat is poisoned.
The bat is severely wounded.
You kill the bat!
The adder barely misses you.
Unknown command.
There is a stone staircase leading up here.
You see here a bat corpse.
The adder bites you.
You are poisoned.
The adder poisons you!
You hit the adder.
The adder looks even sicker.
The adder is severely wounded.
You feel sick. You block the adder's attack.
Unknown command.
You feel sick.
You feel sick. The adder bites you.
You die...

.....
#.#..
#.#.##
#....
....
###.####
#......#
###.##.#
#@##<#
#.S..#
####.#
#...
..###
###


You could see an adder (very poisoned).

Vanquished Creatures
  2 adders (D:2)
  A worm (D:2)
  3 dart slugs (D:1)
  2 ball pythons (D:1)
  3 endoplasms (D:1)
  3 giant cockroaches (D:1)
  3 goblins
  2 hobgoblins
  A jackal (D:2)
  A quokka (D:1)
  4 bats
  3 frilled lizards
  A kobold (D:1)
29 creatures vanquished.

Notes
Turn   | Place    | Note
-------+----------+-------------------------------------------
     0 | D:1      | bnorton916 the Deep Elf Venom Mage began the quest for the
                  | Orb.
     0 | D:1      | Reached XP level 1. HP: 10/10 MP: 6/6
   216 | D:1      | Reached XP level 2. HP: 15/15 MP: 2/8
   451 | D:1      | Found a faded altar of an unknown god.
   507 | D:1      | Learned a level 2 spell: Poisonous Vapours
  1516 | D:2      | Reached XP level 3. HP: 4/19 MP: 0/10
  2859 | D:2      | Learned a level 3 spell: Mephitic Cloud
  2930 | D:3      | Slain by an adder

Illustrated notes

Levels and vault maps discovered:
D:1:      dpeg_arrival_yet_another_circle, layout_basic,
          shapermc_ecumenical_altar_starsandcircs
D:2:      layout_rooms, minmay_bisected
D:3:      layout_loops_cross, nicolae_overflow_hidden_temple, kennysheep_nub

Skill      XL: |  1  2  3 |
---------------+----------+-----
Transmutations | 2 |  2.4
Spellcasting   | 4 |  4.0
Poison Magic   | 4 |  4.0
Dodging        | |  2.4
Stealth        | |  2.4
Conjurations   | |  0.1

Action                   || total
-------------------------++-------
Melee: Dagger            ||     3
 Cast: Sting             ||    54
       Poisonous Vapours ||    18
Armor: Robe              ||    11
Dodge: Dodged            ||    29
Block: Other             ||    11
